 Dungeon Crawl Stone Soup version 0.21.1-1-g345015fe64 (webtiles) character file.

85600 KleinerIrrer the Severer (level 15, -2/97 HPs)
             Began as a Gargoyle Fighter on Apr 4, 2018.
             Was the Champion of Okawaru.
             Killed from afar by a hell hog (34 damage)
             ... with a fireball
             ... on level 3 of the Abyss.
             The game lasted 00:08:00 (21559 turns).

KleinerIrrer the Severer (Gargoyle Fighter)        Turns: 21559, Time: 00:08:01

Health: -2/97      AC: 39    Str: 33    XL:     15   Next: 84%
Magic:  21/22      EV: 14    Int: 14    God:    Okawaru [******]
Gold:   235        SH: 15    Dex:  7    Spells: 14/14 levels left

rFire    x . .     SeeInvis .   s - +4 broad axe (elec)
rCold    + + .     Gourm    .   i - +0 shield {reflect}
rNeg     + . .     Faith    +   g - +0 ice dragon scales of a treasure trove {rF- rC++ Str+4 Int+4 Stlth-}
rPois    ∞         Spirit   .   n - +2 helmet
rElec    +         Reflect  +   C - +2 cloak {+Inv}
rCorr    +         Harm     .   k - +1 pair of gloves
MR       +....                  o - +0 pair of boots
Stlth    ..........             A - amulet of faith
HPRegen  0.26/turn              v - ring of resist corrosion
MPRegen  0.18/turn              t - +4 ring of strength

@: about to teleport, heroism, flying
A: big wings, clumsy 1, negative energy resistance 1, electricity resistance,
unbreathing, petrification resistance, rot immunity, AC +11
a: Stop Flying, Heroism, Finesse, Renounce Religion, Evoke Invisibility


You were on level 3 of the Abyss.
You worshipped Okawaru.
Okawaru was exalted by your worship.
You were not hungry.

You visited 3 branches of the dungeon, and saw 21 of its levels.
You visited the Abyss 1 time.

You collected 1158 gold pieces.
You spent 923 gold pieces at shops.


Innate Abilities, Weirdness & Mutations

You are resistant to torment.
Your stone body is resilient. (AC +11)
You are immune to poison.
Your large and strong wings let you fly indefinitely.
You resist negative energy. (rN+)
You are resistant to electric shocks. (rElec)
You can survive without breathing.
You are immune to petrification.
You are immune to rotting.
You are clumsy. (Dex -2)


   Skills:
 + Level 12.4(17.4) Fighting
 - Level 16.0(21.0) Axes
 - Level 11.9(16.9) Armour
 - Level 4.0(9.0) Dodging
 - Level 12.0(17.0) Shields
 - Level 10.2 Invocations


You had 14 spell levels left.
You didn't know any spells.

Inventory:

Hand Weapons
 c - the +2 flail of the Lamprey {speed, *Drain rElec rN+++ SInv}
   (You bought it in a shop on level 13 of the Dungeon)

   Attacks with this weapon are significantly faster.
   It insulates you from electricity.
   It renders you almost immune to negative energy.
   It lets you see invisible.
   It causes draining when unequipped.
 s - a +4 broad axe of electrocution (weapon)
 x - a +0 morningstar
Missiles
 l - 5 javelins (quivered)
Armour
 g - the +0 ice dragon scales of a treasure trove (worn) {rF- rC++ Str+4 Int+4 Stlth-}
   (You found it on level 6 of the Lair of Beasts)

   It affects your strength (+4).
   It affects your intelligence (+4).
   It makes you vulnerable to fire.
   It greatly protects you from cold.
   It makes you less stealthy.
 i - a +0 shield of reflection (worn)
 j - a +0 plate armour
 k - a +1 pair of gloves (worn)
 n - a +2 helmet (worn)
 o - a +0 pair of boots (worn)
 C - a +2 cloak of invisibility (worn)
Jewellery
 q - an uncursed ring of protection from cold
 t - a +4 ring of strength (right hand)
 v - a ring of resist corrosion (left hand)
 A - an amulet of faith (around neck)
 B - an uncursed ring of protection from cold
 Y - a +2 ring of dexterity
Wands
 w - a wand of digging (16)
Scrolls
 f - 4 scrolls of teleportation
 r - 5 scrolls of remove curse
 z - 9 scrolls of identify
Potions
 b - 3 potions of haste
 d - 3 potions of mutation
 h - 12 potions of curing
 m - 2 potions of might
 p - a potion of heal wounds
 u - 2 potions of resistance
Comestibles
 e - 31 rations

Dungeon Overview and Level Annotations

Branches:
Dungeon (14/15)            Temple (1/1) D:7            Lair (6/6) D:11
  Swamp (0/4) Lair:4        Snake (0/4) Lair:3        Slime (0/5) Lair:5
    Orc (0/2) D:9          Vaults (0/5) D:13

Altars:
Ashenzari
Cheibriados
Dithmenos
Elyvilon
Fedhas
Gozag
Hepliaklqana
Kikubaaqudgha
Makhleb
Nemelex Xobeh
Okawaru
Qazlal
Ru
Sif Muna
Trog
Uskayaw
Vehumet
Wu Jian
Xom
Yredelemnul
Zin
The Shining One
Jiyva

Shops:
D:7 [   D:13 (


Message History

The hell hog breathes fire at you.
The fireball explodes!
The fireball engulfs you! The fire burns you terribly!
21556 ||| READING 5 scrolls of teleportation.
As you read the scroll of teleportation, it crumbles to dust.
You feel strangely unstable.
You feel the power of the Abyss delaying your translocation!
The hell hog bites you.
21557 ||| DRINKING 3 potions of heal wounds.
You feel much better. The hell hog breathes fire at you.
The fireball explodes!
The fireball engulfs you! The fire burns you terribly!
The fireball engulfs the hell hog.
The hell hog resists.
21558 ||| DRINKING 2 potions of heal wounds.
You feel much better. The hell hog misses you. You block the hell hog's attack.
You hit the hell hog. Lightning courses through the hell hog!
The hell hog is moderately wounded.
The hell hog breathes fire at you.
The fireball explodes!
The fireball engulfs you! The fire burns you terribly!
You die...

##. .# .# ..
###. ..# .¤.
.. ..# #.
..##
###.#...
#..¤..## .#
##.#@h.#.# #
#..#.###..h#
#...¤h¤.....
.. #
.####......
#.......#
###.. ...#
###...#.#.#.
#. ##.#.#..
. # #......
.# .........


You could see 2 hell hogs.

Vanquished Creatures
  Gastronok (Lair:3)
  Kirke (Lair:5)
  Nessos (Lair:5)
  The ghost of DwarfAlpaca the Earth Mage, a journeyman DDEE of Yredelemnul (D:10)
  Azrael (D:12)
  The ghost of Thargor the Blocker, a journeyman FoFi of Cheibriados (D:12)
  7 hydras
  5 two-headed ogres
  A catoblepas (D:13)
  A death knight (D:13)
  3 centaur warriors (D:13)
  9 death yaks
  A hell hog (Abyss:3)
  Urug (D:13)
  2 unseen horrors
  A phantasmal warrior (D:13)
  The ghost of KleinerIrrer the Chopper, a novice FoFi of Okawaru (D:5)
  An ugly thing (D:12)
  3 cyclopes
  2 deep elf magi (D:14)
  5 elephants (Lair:4)
  3 manticores
  Joseph (D:9)
  3 black mambas
  Psyche (D:8)
  28 spiny frogs
  3 gargoyles
  3 rime drakes
  A freezing wraith (D:12)
  8 komodo dragons
  4 polar bears
  The ghost of Name63 the Poker, an amateur GnWn (D:6)
  6 trolls
  6 tyrant leeches
  33 blink frogs
  5 hippogriffs
  11 dream sheep (Lair:6)
  A vampire (D:12)
  A spriggan (D:8)
  61 yaks
  3 wraiths
  3 wyverns
  The ghost of Barra97 the Cudgeler, an amateur MiFi (D:3)
  A fire elemental (D:12)
  16 humans (D:13)
  3 hogs (Lair:5)
  3 basilisks
  A steam dragon (Lair:2)
  14 vampire mosquitoes
  A neqoxec (Abyss:3)
  A warg (D:9)
  4 hungry ghosts
  A soldier ant (D:11)
  14 water moccasins
  13 porcupines
  3 hell hounds (D:12)
  7 orc warriors
  7 sky beasts
  4 ice beasts
  2 black bears
  3 eyes of draining
  2 necrophages
  6 centaurs
  5 ogres
  18 wolves
  8 crocodiles
  3 big kobolds
  23 bullfrogs
  2 scorpions
  A water moccasin zombie (D:5)
  A wyvern skeleton (D:13)
  2 howler monkeys (D:9)
  An electric eel (Lair:6)
  2 centaur zombies
  5 crimson imps
  2 quasits
  4 jellies
  A gnoll shaman (D:6)
  3 hounds
  8 orc priests
  9 orc wizards
  A centaur skeleton (D:5)
  Terence (D:3)
  2 iguanas
  12 worker ants
  A hound zombie (D:5)
  2 hound skeletons
  Robin (D:3)
  7 gnolls
  A river rat (D:3)
  16 adders
  A shadow imp (D:9)
  An ooze (D:7)
  5 worms
  A dart slug (D:1)
  6 leopard geckos
  43 orcs
  8 bats
  4 giant cockroaches
  16 goblins
  9 hobgoblins
  5 jackals
  18 kobolds
  5 quokkas
  8 ball pythons
  A ball python zombie (D:5)
  7 frilled lizards
  A jackal zombie (D:5)
  2 quokka skeletons
  9 rats
  A fungus (Lair:6)
  13 plants
648 creatures vanquished.

Vanquished Creatures (others)
  A yak (Lair:2)
  A human (Lair:5)
  18 fungi
  32 plants
52 creatures vanquished.

Grand Total: 700 creatures vanquished

Notes
Turn   | Place    | Note
-------+----------+-------------------------------------------
     0 | D:1      | KleinerIrrer the Gargoyle Fighter began the quest for the Orb.
     0 | D:1      | Reached XP level 1. HP: 14/14 MP: 1/1
     0 | D:1      | 0 ||| counter = 11
    35 | D:1      | Reached skill level 2 in Axes
   150 | D:1      | Reached XP level 2. HP: 17/19 MP: 2/2
   219 | D:1      | 219 ||| DROPPING club.
   442 | D:1      | Reached skill level 3 in Axes
   516 | D:1      | Reached XP level 3. HP: 23/23 MP: 3/3
   636 | D:1      | 636 ||| UPGRADING to helmet.
   641 | D:1      | 641 ||| READING scroll labeled WIUHI SIFRIR.
   642 | D:1      | 642 ||| READING scroll labeled VAFOCW XOQENN.
   643 | D:1      | 643 ||| DRINKING 2 grey potions.
   654 | D:2      | 654 ||| STAIRDANCE
   882 | D:2      | Reached XP level 4. HP: 25/28 MP: 4/4
   909 | D:2      | Reached skill level 4 in Axes
  1103 | D:2      | 1103 ||| STAIRDANCE
  1128 | D:1      | 1128 ||| READING scroll labeled BOUWOI HISHRAC.
  1241 | D:2      | 1241 ||| READING scroll labeled WODEUH IPNU.
  1343 | D:3      | Noticed Barra97's ghost (amateur MiFi)
  1367 | D:3      | 1367 ||| STAIRDANCE
  1396 | D:2      | 1396 ||| UPGRADING to glowing helmet.
  1406 | D:2      | 1406 ||| DROPPING +0 helmet.
  1411 | D:3      | 1411 ||| STAIRDANCE
  1452 | D:3      | 1452 ||| STAIRDANCE
  1562 | D:3      | 1562 ||| STAIRDANCE
  1618 | D:3      | 1618 ||| STAIRDANCE
  1691 | D:3      | Killed Barra97's ghost
  1691 | D:3      | Reached skill level 5 in Axes
  1691 | D:3      | Reached XP level 5. HP: 11/32 MP: 5/5
  1691 | D:3      | Reached XP level 6. HP: 13/37 MP: 6/6
  1692 | D:3      | 1692 ||| STAIRDANCE
  2023 | D:3      | Noticed Robin
  2039 | D:3      | Killed Robin
  2068 | D:3      | 2068 ||| STAIRDANCE
  2133 | D:2      | 2133 ||| READING scroll of identify.
  2133 | D:2      | 2133 ||| IDENTIFYING copper ring
  2134 | D:2      | 2134 ||| UPGRADING to +4 ring of strength.
  2189 | D:3      | Found a faded altar of an unknown god.
  2219 | D:3      | Noticed Terence
  2248 | D:3      | Killed Terence
  2274 | D:3      | 2274 ||| DROPPING whip.
  2429 | D:3      | Reached skill level 1 in Dodging
  2496 | D:3      | 2496 ||| Stepping ~*~*~tactically~*~*~ (water).
  2774 | D:3      | 2774 ||| UPGRADING to chain mail.
  2784 | D:3      | 2784 ||| DROPPING +0 scale mail.
  2785 | D:3      | 2785 ||| READING scroll labeled QODAIB ZESITO.
  2788 | D:3      | 2788 ||| READING 2 scrolls labeled IFAUSCH YCHILET.
  2789 | D:3      | 2789 ||| READING 3 scrolls of identify.
  2789 | D:3      | 2789 ||| IDENTIFYING granite ring
  2790 | D:3      | 2790 ||| DROPPING ring of wizardry.
  2791 | D:3      | 2791 ||| READING 2 scrolls of identify.
  2791 | D:3      | 2791 ||| IDENTIFYING bubbling orange potion
  2792 | D:3      | 2792 ||| DROPPING potion of lignification.
  2793 | D:3      | 2793 ||| DROPPING scroll of magic mapping.
  2826 | D:4      | Found a hide-covered altar of Uskayaw.
  2826 | D:4      | Noticed a dagger
  2827 | D:4      | Noticed a dagger
  2908 | D:4      | 2908 ||| READING scroll of enchant weapon.
  2908 | D:4      | 2908 ||| ENCHANTING +1 war axe.
  2968 | D:4      | 2968 ||| SWAPPING to war axe of freezing.
  2976 | D:4      | Reached XP level 7. HP: 43/43 MP: 7/7
  3009 | D:4      | Reached skill level 6 in Axes
  3077 | D:4      | Found Zaicakeph's Antique Armour Emporium.
  3287 | D:4      | Found a sparkling altar of Nemelex Xobeh.
  3341 | D:4      | 3341 ||| UPGRADING to plate armour.
  3351 | D:4      | 3351 ||| DROPPING +0 chain mail.
  3352 | D:4      | 3352 ||| DRINKING 2 glowing green potions.
  3353 | D:4      | 3353 ||| READING 3 scrolls of identify.
  3353 | D:4      | 3353 ||| IDENTIFYING lumpy purple potion
  3354 | D:4      | 3354 ||| READING 2 scrolls of identify.
  3354 | D:4      | 3354 ||| IDENTIFYING glowing golden potion
  3355 | D:4      | 3355 ||| DROPPING potion of brilliance.
  3363 | D:5      | Entered Level 5 of the Dungeon
  3378 | D:5      | 3378 ||| STAIRDANCE
  3389 | D:4      | 3389 ||| STAIRDANCE
  3445 | D:5      | 3445 ||| STAIRDANCE
  3449 | D:4      | Reached skill level 7 in Axes
  3469 | D:5      | Noticed KleinerIrrer's ghost (novice FoFi)
  3487 | D:5      | 3487 ||| STAIRDANCE
  3531 | D:5      | 3531 ||| STAIRDANCE
  3568 | D:5      | 3568 ||| STAIRDANCE
  3613 | D:5      | Killed KleinerIrrer's ghost
  3613 | D:5      | Reached skill level 6 in Fighting
  3613 | D:5      | Reached XP level 8. HP: 48/52 MP: 8/8
  3826 | D:5      | Found an ornate altar of the Wu Jian Council.
  3922 | D:5      | 3922 ||| UPGRADING to flail.
  3923 | D:5      | 3923 ||| SWAPPING to +1 war axe of freezing.
  3924 | D:5      | 3924 ||| READING scroll of remove curse.
  4098 | D:5      | Found a hazy altar of Hepliaklqana.
  4168 | D:5      | 4168 ||| READING scroll labeled ANOCVA LUGU.
  4169 | D:5      | 4169 ||| READING scroll labeled EMUCIP TAERHIRCH.
  4170 | D:5      | 4170 ||| DRINKING 2 bubbling yellow potions.
  4171 | D:5      | 4171 ||| READING 2 scrolls of identify.
  4171 | D:5      | 4171 ||| IDENTIFYING silvery potion
  4172 | D:5      | 4172 ||| DROPPING potion of flight.
  4243 | D:6      | 4243 ||| READING scroll of enchant weapon.
  4243 | D:6      | 4243 ||| ENCHANTING +1 war axe of freezing.
  4244 | D:6      | 4244 ||| DROPPING +2 war axe.
  4265 | D:6      | 4265 ||| READING scroll of enchant weapon.
  4265 | D:6      | 4265 ||| ENCHANTING +2 war axe of freezing.
  4364 | D:6      | 4364 ||| READING scroll of enchant armour.
  4364 | D:6      | 4364 ||| ENCHANTING +0 helmet.
  4397 | D:6      | Noticed Name63's ghost (amateur GnWn)
  4399 | D:6      | 4399 ||| STAIRDANCE
  4435 | D:6      | 4435 ||| STAIRDANCE
  4449 | D:6      | 4449 ||| STAIRDANCE
  4509 | D:6      | 4509 ||| STAIRDANCE
  4602 | D:5      | 4602 ||| READING scroll labeled XEFUTT GAVOIDGH.
  4623 | D:6      | Killed Name63's ghost
  4623 | D:6      | Reached skill level 8 in Axes
  4623 | D:6      | Reached XP level 9. HP: 52/56 MP: 9/9
  4743 | D:6      | Found an ancient bone altar of Kikubaaqudgha.
  4751 | D:6      | 4751 ||| READING scroll of enchant armour.
  4751 | D:6      | 4751 ||| ENCHANTING +1 helmet.
  4934 | D:6      | 4934 ||| READING 2 scrolls of identify.
  4934 | D:6      | 4934 ||| IDENTIFYING fizzy brown potion
  4935 | D:6      | 4935 ||| DROPPING potion of degeneration.
  5007 | D:7      | 5007 ||| STAIRDANCE
  5048 | D:7      | Reached skill level 6 in Shields
  5050 | D:7      | 5050 ||| STAIRDANCE
  5259 | D:6      | 5259 ||| EATING 8 rations.
  5285 | D:7      | Found Emuuh's Armour Emporium.
  5291 | D:7      | Bought a +0 pair of gloves for 58 gold pieces
  5291 | D:7      | 5291 ||| SHOPLISTING +2 pair of boots of the Assassin {Detection Stab+ Stlth++} (780 gold, have 287).
  5293 | D:7      | Found a staircase to the Ecumenical Temple.
  5327 | Temple   | Entered the Ecumenical Temple
  5328 | Temple   | 5328 ||| Entered T.
  5357 | Temple   | Became a worshipper of Warmaster Okawaru
  5495 | Temple   | 5495 ||| UPGRADING to +0 pair of gloves.
  5655 | D:7      | 5655 ||| Stepping ~*~*~tactically~*~*~ (water).
  5738 | D:7      | Found an opulent altar of Gozag.
  5940 | D:7      | 5940 ||| UPGRADING to encrusted golden ring.
  5941 | D:7      | 5941 ||| READING scroll labeled NIOTIR JOWUEN.
  5942 | D:7      | 5942 ||| READING scroll labeled JEITZE HANLI.
  5943 | D:7      | 5943 ||| READING 2 scrolls of identify.
  5943 | D:7      | 5943 ||| IDENTIFYING puce potion
  5944 | D:7      | 5944 ||| DROPPING wand of flame (25).
  5945 | D:7      | 5945 ||| DROPPING potion of berserk rage.
  6008 | D:8      | Reached skill level 9 in Axes
  6088 | D:8      | Found a basalt altar of Yredelemnul.
  6106 | D:8      | Found a sacrificial altar of Ru.
  6165 | D:8      | Noticed Psyche
  6172 | D:8      | Killed Psyche
  6217 | D:8      | Reached * piety under Okawaru
  6305 | D:8      | Found a shadowy altar of Dithmenos.
  6306 | D:8      | Noticed a two-headed ogre
  6307 | D:8      | 6307 ||| INVOKING Heroism.
  6315 | D:8      | Killed a two-headed ogre
  6315 | D:8      | Reached skill level 3 in Invocations
  6315 | D:8      | Reached XP level 10. HP: 63/63 MP: 7/12
  6389 | D:8      | 6389 ||| INVOKING Heroism.
  6480 | D:8      | Found a deep blue altar of Sif Muna.
  6497 | D:8      | 6497 ||| EATING 12 rations.
  6696 | D:9      | Noticed Joseph
  6716 | D:9      | Killed Joseph
  6766 | D:9      | 6766 ||| STAIRDANCE
  6812 | D:9      | 6812 ||| INVOKING Heroism.
  6904 | D:9      | 6904 ||| DROPPING +0 flail.
  6905 | D:9      | 6905 ||| UPGRADING to flail of crushing.
  6906 | D:9      | 6906 ||| SWAPPING to +3 war axe of venom.
  6916 | D:9      | Found a staircase to the Orcish Mines.
  6921 | D:9      | 6921 ||| INVOKING Heroism.
  6938 | D:9      | 6938 ||| SWAPPING to broad axe.
  6953 | D:9      | Reached ** piety under Okawaru
  6966 | D:9      | 6966 ||| INVOKING Heroism.
  6986 | D:9      | 6986 ||| DROPPING +3 war axe of venom.
  7015 | D:9      | 7015 ||| INVOKING Heroism.
  7074 | D:9      | 7074 ||| INVOKING Heroism.
  7129 | D:9      | 7129 ||| INVOKING Heroism.
  7150 | D:9      | 7150 ||| INVOKING Heroism.
  7151 | D:9      | Reached skill level 10 in Axes
  7281 | D:9      | 7281 ||| INVOKING Heroism.
  7302 | D:9      | 7302 ||| INVOKING Heroism.
  7618 | D:9      | 7618 ||| INVOKING Heroism.
  7641 | D:9      | 7641 ||| INVOKING Heroism.
  7709 | D:9      | 7709 ||| UPGRADING to runed flail.
  7710 | D:9      | 7710 ||| READING 3 scrolls of remove curse.
  7711 | D:9      | 7711 ||| SWAPPING to +0 broad axe.
  7712 | D:9      | 7712 ||| DROPPING -2 flail.
  7721 | D:9      | 7721 ||| DROPPING +0 flail of crushing.
  7722 | D:9      | 7722 ||| UPGRADING to morningstar.
  7723 | D:9      | 7723 ||| SWAPPING to +0 broad axe.
  7894 | D:9      | 7894 ||| INVOKING Heroism.
  7897 | D:9      | Reached skill level 9 in Fighting
  7897 | D:9      | Reached XP level 11. HP: 58/71 MP: 11/14
  8160 | D:9      | 8160 ||| UPGRADING to dented zirconium amulet.
  8161 | D:9      | 8161 ||| READING 2 scrolls of remove curse.
  8162 | D:9      | 8162 ||| REMOVING amulet of inaccuracy.
  8163 | D:9      | 8163 ||| DROPPING amulet of inaccuracy.
  8164 | D:9      | 8164 ||| READING scroll of identify.
  8164 | D:9      | 8164 ||| IDENTIFYING ring of protection from cold
  8213 | D:10     | Entered Level 10 of the Dungeon
  8213 | D:10     | Noticed DwarfAlpaca's ghost (journeyman DDEE)
  8214 | D:10     | 8214 ||| INVOKING Heroism.
  8238 | D:10     | 8238 ||| INVOKING Heroism.
  8250 | D:10     | Killed DwarfAlpaca's ghost
  8250 | D:10     | Reached skill level 9 in Shields
  8254 | D:10     | 8254 ||| INVOKING Heroism.
  8481 | D:10     | Noticed a two-headed ogre
  8482 | D:10     | 8482 ||| INVOKING Heroism.
  8489 | D:10     | Killed a two-headed ogre
  8489 | D:10     | Reached *** piety under Okawaru
  8859 | D:10     | 8859 ||| INVOKING Heroism.
  9041 | D:10     | 9041 ||| READING scroll of enchant armour.
  9041 | D:10     | 9041 ||| ENCHANTING +0 pair of gloves.
  9231 | D:10     | 9231 ||| READING scroll of identify.
  9231 | D:10     | 9231 ||| IDENTIFYING runed tourmaline ring
  9280 | D:11     | Noticed a cyclops
  9285 | D:11     | 9285 ||| INVOKING Heroism.
  9291 | D:11     | Killed a cyclops
  9291 | D:11     | Reached skill level 11 in Axes
  9449 | D:11     | 9449 ||| INVOKING Heroism.
  9461 | D:11     | Noticed a two-headed ogre
  9476 | D:11     | Killed a two-headed ogre
  9476 | D:11     | Reached **** piety under Okawaru
  9482 | D:11     | 9482 ||| INVOKING Heroism.
  9504 | D:11     | 9504 ||| INVOKING Heroism.
  9504 | D:11     | HP: 16/71 [centaur/arrow (9)]
  9505 | D:11     | 9505 ||| READING 4 scrolls of teleportation.
  9506 | D:11     | 9506 ||| DRINKING potion of heal wounds.
  9507 | D:11     | 9507 ||| EATING 18 rations.
  9524 | D:11     | Killed an unseen horror
  9527 | D:11     | 9527 ||| INVOKING Heroism.
  9529 | D:11     | 9529 ||| EATING 18 rations.
  9595 | D:11     | Reached XP level 12. HP: 63/76 MP: 16/16
  9673 | D:11     | Reached ***** piety under Okawaru
  9765 | D:11     | Found a staircase to the Lair.
  9902 | D:11     | 9902 ||| READING scroll of enchant weapon.
  9902 | D:11     | 9902 ||| ENCHANTING +0 broad axe.
 10026 | D:11     | 10026 ||| UPGRADING to large beryl amulet.
 10027 | D:11     | 10027 ||| UPGRADING to ivory ring.
 10029 | D:11     | 10029 ||| READING 3 scrolls of remove curse.
 10030 | D:11     | 10030 ||| REMOVING ring of loudness.
 10031 | D:11     | 10031 ||| DROPPING ring of loudness.
 10032 | D:11     | 10032 ||| UPGRADING to ring of resist corrosion.
 10033 | D:11     | 10033 ||| UPGRADING to ring of protection from cold.
 10035 | D:11     | 10035 ||| UPGRADING to +4 ring of strength.
 10037 | D:11     | 10037 ||| READING scroll labeled GAXYER RUR.
 10038 | D:11     | 10038 ||| READING scroll labeled VYADOE KEUNU.
 10088 | Lair:1   | Entered Level 1 of the Lair of Beasts
 10089 | Lair:1   | 10089 ||| Entered L.
 10113 | Lair:1   | 10113 ||| INVOKING Heroism.
 10175 | Lair:1   | 10175 ||| STAIRDANCE
 10306 | Lair:1   | Reached skill level 6 in Invocations
 10311 | Lair:1   | 10311 ||| INVOKING Heroism.
 10333 | Lair:1   | 10333 ||| INVOKING Heroism.
 10606 | Lair:1   | Noticed a six-headed hydra
 10607 | Lair:1   | 10607 ||| INVOKING Heroism.
 10608 | Lair:1   | 10608 ||| INVOKING Finesse.
 10611 | Lair:1   | 10611 ||| SWAPPING to +0 morningstar.
 10624 | Lair:1   | Killed a six-headed hydra
 10625 | Lair:1   | 10625 ||| SWAPPING to +1 broad axe.
 10782 | Lair:1   | 10782 ||| INVOKING Heroism.
 11205 | Lair:1   | 11205 ||| EATING 20 rations.
 11248 | Lair:1   | Found the +8 autumn katana {slice, Clar}
 11259 | Lair:1   | 11259 ||| INVOKING Heroism.
 11260 | Lair:1   | 11260 ||| INVOKING Finesse.
 11384 | Lair:1   | 11384 ||| UPGRADING to pearl ring.
 11386 | Lair:1   | 11386 ||| REMOVING +3 ring of intelligence.
 11387 | Lair:1   | 11387 ||| DROPPING +3 ring of intelligence.
 11388 | Lair:1   | 11388 ||| UPGRADING to ring of protection from cold.
 11389 | Lair:1   | 11389 ||| READING 2 scrolls labeled QANORHUSKAEL.
 11390 | Lair:1   | 11390 ||| READING 3 scrolls of identify.
 11390 | Lair:1   | 11390 ||| IDENTIFYING sapphire potion
 11391 | Lair:1   | 11391 ||| DROPPING scroll of fear.
 11594 | Lair:2   | 11594 ||| STAIRDANCE
 11670 | Lair:1   | 11670 ||| READING 3 scrolls of identify.
 11670 | Lair:1   | 11670 ||| IDENTIFYING pink potion
 11671 | Lair:1   | 11671 ||| DROPPING potion of agility.
 11674 | Lair:2   | 11674 ||| STAIRDANCE
 11690 | Lair:2   | 11690 ||| STAIRDANCE
 11701 | Lair:1   | 11701 ||| INVOKING Heroism.
 11997 | Lair:2   | Reached skill level 12 in Axes
 12022 | Lair:2   | Reached skill level 9 in Armour
 12038 | Lair:2   | 12038 ||| INVOKING Heroism.
 12216 | Lair:2   | 12216 ||| INVOKING Heroism.
 12253 | Lair:2   | 12253 ||| INVOKING Heroism.
 12316 | Lair:2   | Reached skill level 9 in Invocations
 12532 | Lair:2   | Received a gift from Okawaru
 12812 | Lair:2   | 12812 ||| UPGRADING to blackened opal ring.
 12814 | Lair:2   | 12814 ||| UPGRADING to ring of protection from cold.
 12832 | Lair:3   | 12832 ||| INVOKING Heroism.
 12833 | Lair:3   | 12833 ||| STAIRDANCE
 12854 | Lair:3   | 12854 ||| STAIRDANCE
 12921 | Lair:3   | 12921 ||| STAIRDANCE
 13026 | Lair:3   | Noticed Gastronok
 13030 | Lair:3   | 13030 ||| INVOKING Heroism.
 13067 | Lair:3   | 13067 ||| INVOKING Heroism.
 13074 | Lair:3   | Reached XP level 13. HP: 61/82 MP: 18/20
 13075 | Lair:3   | Killed Gastronok
 13075 | Lair:3   | Reached ****** piety under Okawaru
 13088 | Lair:3   | 13088 ||| STAIRDANCE
 13167 | Lair:3   | 13167 ||| STAIRDANCE
 13298 | Lair:3   | 13298 ||| INVOKING Heroism.
 13299 | Lair:3   | 13299 ||| INVOKING Finesse.
 13302 | Lair:3   | 13302 ||| SWAPPING to +0 morningstar.
 13310 | Lair:3   | 13310 ||| SWAPPING to +1 broad axe.
 13405 | Lair:3   | Received a gift from Okawaru
 13464 | Lair:3   | 13464 ||| SWAPPING to runed broad axe {god gift}.
 13465 | Lair:3   | 13465 ||| DROPPING +1 broad axe.
 13500 | Lair:3   | 13500 ||| INVOKING Heroism.
 13531 | Lair:3   | Found a staircase to the Snake Pit.
 13629 | Lair:3   | 13629 ||| INVOKING Heroism.
 13682 | Lair:3   | Reached skill level 13 in Axes
 13969 | Lair:3   | 13969 ||| READING scroll labeled HUFESMINLA.
 14030 | Lair:4   | 14030 ||| INVOKING Heroism.
 14043 | Lair:4   | Received a gift from Okawaru
 14049 | Lair:4   | 14049 ||| STAIRDANCE
 14136 | Lair:4   | Found a staircase to the Swamp.
 14469 | Lair:4   | 14469 ||| INVOKING Heroism.
 14470 | Lair:4   | 14470 ||| INVOKING Finesse.
 14472 | Lair:4   | 14472 ||| SWAPPING to +0 morningstar.
 14477 | Lair:4   | 14477 ||| SWAPPING to +2 broad axe of electrocution.
 14537 | Lair:4   | 14537 ||| INVOKING Heroism.
 14796 | Lair:4   | 14796 ||| INVOKING Heroism.
 14797 | Lair:4   | 14797 ||| SWAPPING to +0 morningstar.
 14798 | Lair:4   | 14798 ||| INVOKING Finesse.
 14807 | Lair:4   | Received a gift from Okawaru
 14808 | Lair:4   | 14808 ||| SWAPPING to +2 broad axe of electrocution.
 15119 | Lair:4   | 15119 ||| UPGRADING to embroidered cloak {god gift}.
 15124 | Lair:4   | 15124 ||| READING scroll labeled GELICWAAFO.
 15173 | Lair:5   | 15173 ||| STAIRDANCE
 15193 | Lair:5   | 15193 ||| INVOKING Heroism.
 15194 | Lair:5   | 15194 ||| SWAPPING to +0 morningstar.
 15195 | Lair:5   | 15195 ||| INVOKING Finesse.
 15204 | Lair:5   | 15204 ||| STAIRDANCE
 15206 | Lair:4   | 15206 ||| SWAPPING to +2 broad axe of electrocution.
 15411 | Lair:5   | Noticed Kirke
 15417 | Lair:5   | 15417 ||| INVOKING Heroism.
 15422 | Lair:5   | Killed Kirke
 15422 | Lair:5   | Gained mutation: Your large and strong wings let you fly indefinitely. [Gargoyle growth]
 15422 | Lair:5   | Reached XP level 14. HP: 84/90 MP: 18/21
 15484 | Lair:5   | 15484 ||| INVOKING Fly.
 15484 | Lair:5   | 15484 ||| FLYING.
 15675 | Lair:5   | Found a viscous altar of Jiyva.
 15675 | Lair:5   | Found a staircase to the Slime Pits.
 15767 | Lair:5   | Noticed Nessos
 15768 | Lair:5   | 15768 ||| INVOKING Heroism.
 15769 | Lair:5   | 15769 ||| INVOKING Finesse.
 15780 | Lair:5   | Killed Nessos
 15804 | Lair:5   | Reached skill level 14 in Axes
 15808 | Lair:5   | Reached skill level 3 in Dodging
 16214 | Lair:5   | 16214 ||| INVOKING Heroism.
 16612 | Lair:5   | 16612 ||| UPGRADING to twisted ivory ring.
 16614 | Lair:5   | 16614 ||| DROPPING ring of positive energy.
 16615 | Lair:5   | 16615 ||| UPGRADING to ring of protection from cold.
 16617 | Lair:5   | 16617 ||| READING 8 scrolls of identify.
 16617 | Lair:5   | 16617 ||| IDENTIFYING bubbling white potion
 16618 | Lair:5   | 16618 ||| DROPPING potion of ambrosia.
 16662 | Lair:6   | Entered Level 6 of the Lair of Beasts
 16663 | Lair:6   | 16663 ||| STAIRDANCE
 16665 | Lair:5   | 16665 ||| INVOKING Heroism.
 16666 | Lair:5   | 16666 ||| INVOKING Finesse.
 16772 | Lair:6   | 16772 ||| EATING 28 rations.
 16797 | Lair:6   | 16797 ||| INVOKING Heroism.
 16871 | Lair:6   | 16871 ||| INVOKING Heroism.
 16877 | Lair:6   | Received a gift from Okawaru
 16892 | Lair:6   | Received a gift from Okawaru
 16901 | Lair:6   | 16901 ||| INVOKING Finesse.
 16903 | Lair:6   | 16903 ||| INVOKING Heroism.
 16909 | Lair:6   | 16909 ||| SWAPPING to +0 morningstar.
 16915 | Lair:6   | 16915 ||| Stepping ~*~*~tactically~*~*~ (outnumbered).
 16916 | Lair:6   | 16916 ||| Stepping ~*~*~tactically~*~*~ (outnumbered).
 16917 | Lair:6   | 16917 ||| Stepping ~*~*~tactically~*~*~ (outnumbered).
 16919 | Lair:6   | 16919 ||| Stepping ~*~*~tactically~*~*~ (outnumbered).
 16921 | Lair:6   | 16921 ||| Stepping ~*~*~tactically~*~*~ (outnumbered).
 16922 | Lair:6   | 16922 ||| Stepping ~*~*~tactically~*~*~ (outnumbered).
 16924 | Lair:6   | 16924 ||| Stepping ~*~*~tactically~*~*~ (outnumbered).
 16925 | Lair:6   | 16925 ||| Stepping ~*~*~tactically~*~*~ (outnumbered).
 16928 | Lair:6   | 16928 ||| Stepping ~*~*~tactically~*~*~ (outnumbered).
 16929 | Lair:6   | 16929 ||| Stepping ~*~*~tactically~*~*~ (outnumbered).
 16931 | Lair:6   | 16931 ||| Stepping ~*~*~tactically~*~*~ (outnumbered).
 16933 | Lair:6   | 16933 ||| Stepping ~*~*~tactically~*~*~ (outnumbered).
 16935 | Lair:6   | 16935 ||| INVOKING Finesse.
 16936 | Lair:6   | 16936 ||| Stepping ~*~*~tactically~*~*~ (outnumbered).
 16937 | Lair:6   | 16937 ||| Stepping ~*~*~tactically~*~*~ (outnumbered).
 16940 | Lair:6   | 16940 ||| SWAPPING to +2 broad axe of electrocution.
 17252 | Lair:6   | Got pitted ice dragon scales
 17301 | Lair:6   | 17301 ||| INVOKING Heroism.
 17302 | Lair:6   | Reached skill level 15 in Axes
 17310 | Lair:6   | Received a gift from Okawaru
 17383 | Lair:6   | 17383 ||| INVOKING Heroism.
 17384 | Lair:6   | 17384 ||| INVOKING Finesse.
 17386 | Lair:6   | 17386 ||| SWAPPING to +0 morningstar.
 17387 | Lair:6   | 17387 ||| Stepping ~*~*~tactically~*~*~ (outnumbered).
 17388 | Lair:6   | 17388 ||| Stepping ~*~*~tactically~*~*~ (outnumbered).
 17395 | Lair:6   | 17395 ||| Stepping ~*~*~tactically~*~*~ (outnumbered).
 17396 | Lair:6   | 17396 ||| Stepping ~*~*~tactically~*~*~ (outnumbered).
 17397 | Lair:6   | 17397 ||| Stepping ~*~*~tactically~*~*~ (outnumbered).
 17398 | Lair:6   | 17398 ||| Stepping ~*~*~tactically~*~*~ (outnumbered).
 17401 | Lair:6   | 17401 ||| Stepping ~*~*~tactically~*~*~ (outnumbered).
 17402 | Lair:6   | 17402 ||| Stepping ~*~*~tactically~*~*~ (outnumbered).
 17403 | Lair:6   | 17403 ||| Stepping ~*~*~tactically~*~*~ (outnumbered).
 17404 | Lair:6   | 17404 ||| Stepping ~*~*~tactically~*~*~ (outnumbered).
 17405 | Lair:6   | 17405 ||| Stepping ~*~*~tactically~*~*~ (outnumbered).
 17406 | Lair:6   | 17406 ||| Stepping ~*~*~tactically~*~*~ (outnumbered).
 17408 | Lair:6   | 17408 ||| Stepping ~*~*~tactically~*~*~ (outnumbered).
 17409 | Lair:6   | 17409 ||| Stepping ~*~*~tactically~*~*~ (outnumbered).
 17410 | Lair:6   | 17410 ||| SWAPPING to +2 broad axe of electrocution.
 17417 | Lair:6   | 17417 ||| SWAPPING to +0 morningstar.
 17419 | Lair:6   | 17419 ||| SWAPPING to +2 broad axe of electrocution.
 17423 | Lair:6   | 17423 ||| INVOKING Heroism.
 17451 | Lair:6   | Reached XP level 15. HP: 78/96 MP: 18/22
 17627 | Lair:6   | Reached skill level 12 in Fighting
 17908 | Lair:6   | 17908 ||| INVOKING Heroism.
 17912 | Lair:6   | Received a gift from Okawaru
 17949 | Lair:6   | 17949 ||| READING scroll of enchant weapon.
 17949 | Lair:6   | 17949 ||| ENCHANTING +2 broad axe of electrocution.
 17961 | Lair:6   | Reached skill level 12 in Shields
 18558 | Lair:6   | 18558 ||| UPGRADING to pitted ice dragon scales.
 18568 | Lair:6   | Identified the cursed +0 ice dragon scales of a treasure trove {rF- rC++ Str+4 Int+4 Stlth-} (You found it on level 6 of the Lair of Beasts)
 18568 | Lair:6   | 18568 ||| UPGRADING to glowing shield {god gift}.
 18578 | Lair:6   | 18578 ||| DROPPING +0 shield.
 18579 | Lair:6   | 18579 ||| READING 6 scrolls of remove curse.
 18580 | Lair:6   | 18580 ||| UPGRADING to +0 plate armour.
 18590 | Lair:6   | 18590 ||| DROPPING 2 tomahawks of returning.
 18591 | Lair:6   | 18591 ||| DROPPING 9 tomahawks.
 18761 | D:12     | Noticed Thargor's ghost (journeyman FoFi)
 18762 | D:12     | 18762 ||| INVOKING Heroism.
 18763 | D:12     | 18763 ||| INVOKING Finesse.
 18786 | D:12     | Killed Thargor's ghost
 18858 | D:12     | 18858 ||| INVOKING Heroism.
 19241 | D:12     | Noticed Azrael
 19241 | D:12     | 19241 ||| INVOKING Heroism.
 19264 | D:12     | Killed Azrael
 19384 | D:12     | 19384 ||| EATING 29 rations.
 19630 | D:13     | Found an iron altar of Okawaru.
 19635 | D:13     | 19635 ||| INVOKING Heroism.
 19708 | D:13     | 19708 ||| INVOKING Heroism.
 19738 | D:13     | 19738 ||| READING scroll of enchant weapon.
 19738 | D:13     | 19738 ||| ENCHANTING +3 broad axe of electrocution.
 19860 | D:13     | 19860 ||| STAIRDANCE
 19911 | D:13     | 19911 ||| STAIRDANCE
 20000 | D:13     | Found Hostrit's Weapon Shop.
 20008 | D:13     | Bought the +2 flail of the Lamprey {speed, *Drain rElec rN+++ SInv} for 865 gold pieces
 20085 | D:13     | 20085 ||| INVOKING Heroism.
 20130 | D:13     | Reached skill level 16 in Axes
 20195 | D:13     | Found a gate to the Vaults.
 20273 | D:13     | Noticed Urug
 20293 | D:13     | Killed Urug
 20998 | D:13     | 20998 ||| UPGRADING to pair of boots.
 21003 | D:13     | 21003 ||| UPGRADING to tubular marble ring.
 21005 | D:13     | 21005 ||| REMOVING ring of ice.
 21006 | D:13     | 21006 ||| UPGRADING to +0 ice dragon scales of a treasure trove {rF- rC++ Str+4 Int+4 Stlth-}.
 21016 | D:13     | 21016 ||| UPGRADING to +2 ring of dexterity.
 21017 | D:13     | 21017 ||| UPGRADING to ring of resist corrosion.
 21019 | D:13     | 21019 ||| DROPPING ring of ice.
 21084 | D:14     | 21084 ||| INVOKING Heroism.
 21101 | D:14     | Received a gift from Okawaru
 21177 | D:14     | 21177 ||| INVOKING Heroism.
 21388 | D:14     | Found a sacrificial altar of Ru.
 21453 | D:14     | Cast into level 3 of the Abyss (a wizard)
 21548 | Abyss:3  | Gained mutation: You are clumsy. (Dex -2) [a neqoxec]
 21552 | Abyss:3  | 21552 ||| INVOKING Heroism.
 21555 | Abyss:3  | HP: 18/97 [hell hog/fireball (27)]
 21556 | Abyss:3  | 21556 ||| READING 5 scrolls of teleportation.
 21557 | Abyss:3  | 21557 ||| DRINKING 3 potions of heal wounds.
 21558 | Abyss:3  | 21558 ||| DRINKING 2 potions of heal wounds.
 21559 | Abyss:3  | Killed from afar by a hell hog

Vault maps used:
D:1:      lemuel_arrival_room
D:3:      chequers_ecumenical_altar_simple_redux, portal_sewer_entry_e,
          first_ration, minmay_shallow_snake_nest, uniq_robin, uniq_terence
D:4:      nemelex_xobeh_ov_fountains_minmay, dancing_weapons_uskayaw,
          serial_shops, shop
D:5:      lemuel_round_altar, kennysheep_mini_moat, serial_curves,
          eino_curves_02, eino_curves_01, minmay_misc_feat_encased
D:6:      kiku_gazebo_garden_becter
D:7:      lemuel_coloured_pillars_altar, minmay_temple_entry_large_hall,
          serial_shops, nicolae_shop_trees
D:8:      kennysheep_little_box, lemuel_round_altar, grunt_temple_overflow_open,
          the_bakery, nrook_mini_vaults, uniq_psyche
D:9:      erik_orc_3, minmay_orc_keep, uniq_joseph
D:11:     lair_entry_dummy
D:12:     uniq_azrael
D:13:     david_vaults_3, serial_shops, nicolae_shop_waterfront, basic_altar
D:14:     basic_altar, roderic_lattice_octagonal_star
Temple:   minmay_temple_bridge_abc
Lair:1:   columned_hall_lemuel, minmay_lair_oklob_chamber
Lair:2:   st_stairs_10, beast_lair_carwin_4, lemuel_fruit_tree,
          serial_bayou_shore_b, grunt_megastairs_3
Lair:3:   minmay_snake_entry_six_corridors, st_stairs_9, uniq_gastronok
Lair:4:   minmay_swamp_entry_worms
Lair:5:   slime_altar_1, uniq_nessos, uniq_kirke
Lair:6:   minmay_lair_end_frog_pond

Skill      XL: |  1  2  3  4  5  6  7  8  9 10 11 12 13 14 15 |
---------------+----------------------------------------------+-----
Axes           | 2 3 5 7 8 9 10 11 12 13 15 16 | 16.0
Dodging        | 1 2 3 4 |  4.0
Fighting       | 4 6 7 9 10 11 12 | 12.4
Shields        | 4 5 7 8 9 11 12 | 12.0
Armour         | 4 7 8 9 10 11 | 11.9
Invocations    | 3 4 5 9 10 | 10.2

Action                   |  1- 3 |  4- 6 |  7- 9 | 10-12 | 13-15 || total
-------------------------+-------+-------+-------+-------+-------++-------
Melee: War axe           |   154 |   174 |   241 |    75 |       ||   644
       Broad axe         |       |       |       |   622 |   930 ||  1552
       Morningstar       |       |       |       |    11 |    50 ||    61
Throw: Tomahawk          |       |    16 |    28 |    47 |    67 ||   158
       Javelin           |       |       |       |    52 |    76 ||   128
Invok: Heroism           |       |       |     1 |    36 |    28 ||    65
       Finesse           |       |       |       |     2 |    10 ||    12
 Abil: Fly               |       |       |       |       |     1 ||     1
  Use: Scroll            |     2 |     8 |    15 |    13 |     7 ||    45
       Potion            |     1 |     1 |     2 |     1 |     2 ||     7
  Eat: Chunk             |       |     4 |     8 |    20 |    23 ||    55
       Ration            |       |     1 |     1 |     2 |     2 ||     6
Armor: Scale mail        |    91 |    75 |       |       |       ||   166
       Chain mail        |       |    19 |    12 |       |       ||    31
       Plate armour      |       |       |   125 |   328 |   391 ||   844
       Ice dragon scales |       |       |       |       |     9 ||     9
Dodge: Dodged            |    61 |    44 |    41 |   182 |   222 ||   550
Block: Shield            |    84 |    91 |   132 |   421 |   447 ||  1175
       Reflection        |       |       |       |       |     7 ||     7

Table legend:
 A = Spawn XP
 B = Non-spawn XP
 C = Spawn XP percentage of total XP
 D = Spawn monster count
 E = Non-spawn monster count
 F = Spawn count percentage of total count
 G = Total turns spent on level
                    A         B        C        D         E        F      G
               +---------+---------+-------+---------+---------+-------+---------
         Total |     929 |  121358 |   0.8 |       2 |     633 |   0.3 | 21559
               +---------+---------+-------+---------+---------+-------+---------
           D:1 |       0 |      44 |   0.0 |       0 |      24 |   0.0 |   675
           D:2 |       0 |      60 |   0.0 |       0 |      22 |   0.0 |  1146
           D:3 |       0 |     372 |   0.0 |       0 |      39 |   0.0 |  1048
           D:4 |       0 |     435 |   0.0 |       0 |      21 |   0.0 |   683
           D:5 |       0 |    1000 |   0.0 |       0 |      22 |   0.0 |   841
           D:6 |       0 |     569 |   0.0 |       0 |      11 |   0.0 |   807
           D:7 |       0 |    1021 |   0.0 |       0 |      20 |   0.0 |   572
           D:8 |       0 |    2445 |   0.0 |       0 |      17 |   0.0 |   772
           D:9 |       0 |    3655 |   0.0 |       0 |      58 |   0.0 |  1473
          D:10 |       0 |    3896 |   0.0 |       0 |      16 |   0.0 |  1022
          D:11 |       0 |    5062 |   0.0 |       0 |      29 |   0.0 |   964
          D:12 |       0 |    7534 |   0.0 |       0 |      27 |   0.0 |   970
          D:13 |       0 |   16202 |   0.0 |       0 |      52 |   0.0 |  1383
          D:14 |       0 |    4250 |   0.0 |       0 |      19 |   0.0 |   384
        Lair:1 |       0 |    4813 |   0.0 |       0 |      22 |   0.0 |  1479
        Lair:2 |       0 |    7337 |   0.0 |       0 |      38 |   0.0 |  1392
        Lair:3 |       0 |   11785 |   0.0 |       0 |      45 |   0.0 |  1038
        Lair:4 |       0 |    8928 |   0.0 |       0 |      27 |   0.0 |  1334
        Lair:5 |       0 |   14940 |   0.0 |       0 |      29 |   0.0 |  1321
        Lair:6 |       0 |   27010 |   0.0 |       0 |      95 |   0.0 |  1953
       Abyss:3 |     929 |       0 | 100.0 |       2 |       0 | 100.0 |   106
               +---------+---------+-------+---------+---------+-------+---------
